Map: Чаща РВ

Players

Flomop

  • Race: Zerg Zerg
  • Spawn Location: 7:00

ИИ 1 (эксперт) - Winner!

  • Race: Terran Terran
  • Spawn Location: 1:00

VOD

Have the link to the VOD?

Description

Time

  • Played on: Sept. 30, 2017, 8:12 a.m.
  • Length: 12:47
Show
View Real Time Build Order
Export as new Build Order

Flomop Zerg 

Build Orders: Hatch First 

Get SALT Encoding   

  6  0:02  Drone  
  13  0:19  Overlord  
  13  0:24  Drone  
  14  0:49  Drone x2  
  16  1:13  Unknown, Hatchery  
  16  1:15  Extractor  
  14  1:34  Spawning Pool  
  14  1:37  Drone  
  14  1:44  Drone  
  15  1:50  Drone  
  15  1:57  Drone  
  17  2:11  Drone  
  18  2:24  Drone  
  19  2:39  Drone  
  20  2:41  Metabolic Boost  
  20  2:42  Queen  
  22  2:53  Unknown  
  22  2:56  Queen  
  24  3:06  Overlord  
  24  3:17  Overlord  
  24  3:27  Zergling x2, Baneling Nest  
  24  3:32  Zergling x2  
  24  3:39  Zergling x2  
  26  3:40  Zergling x2  
  27  3:50  Zergling x2  
  28  4:00  Lair  
  28  4:08  Extractor  
  27  4:15  Zergling x6  
  30  4:23  Zergling x2  
  30  4:25  Zergling x2  
  32  4:44  Overlord  
  32  4:46  Overlord  
  32  4:50  Zergling x2  
  33  5:07  Zergling x4  
  35  5:11  Zergling x2  
  33  5:33  Zergling x2  
  33  5:34  Zergling x6  
  37  5:58  Infestation Pit  
  36  6:19  Spire  
  35  6:32  Queen  
  35  6:36  Extractor  
  36  6:42  Extractor  
  35  6:50  Drone  
  35  6:51  Drone  
  37  7:02  Drone  
  37  7:03  Drone  
  39  7:26  Hive  
  39  7:30  Drone  
  40  7:51  Drone x3  
  40  7:52  Drone  
  44  8:29  Drone  
  37  8:51  Unknown, Hatchery  
  30  9:31  Zergling x2  
  30  9:32  Zergling x8  
  30  9:33  Zergling x2  
  30  9:35  Spine Crawler  
  30  9:37  Spine Crawler  
  34  9:41  Spine Crawler  
  31  9:53  Zergling x4  
  31  9:54  Zergling x2  
  34  10:09  Zergling x4  
  36  10:31  Unknown  
  36  10:53  Drone  
  36  10:54  Drone x3  
  36  10:55  Drone x2  
  36  10:56  Drone  
  43  11:20  Mutalisk x2  
  43  11:27  Mutalisk  
  49  12:07  Drone x3  
  49  12:08  Drone x3  
  49  12:09  Drone  
  56  12:10  Drone  
  56  12:11  Drone x3  
  57  12:43  Zergling x6  
  57  12:44  Zergling x8  
  57  12:45  Zergling x4  
  66  12:56  Greater Spire  
  66  13:04  Adrenal Glands  
  62  13:21  Mutalisk x2  
  66  13:32  Overlord  
  66  13:33  Overlord x3  
  66  14:11  Mutalisk x2  
  66  14:12  Mutalisk x4  
  77  14:42  Drone x2  
  77  14:43  Drone  
  80  15:06  Unknown, Hatchery  
  54  15:22  Corruptor x3  
  54  15:23  Corruptor x3  
  54  15:24  Corruptor  
  65  15:33  Drone  
  65  15:34  Drone x2  
  65  15:38  Drone  
  52  16:16  Brood Lord x3  
  47  16:46  Unknown  
Show
View Real Time Build Order
Export as new Build Order

ИИ 1 (эксперт) Terran - Winner!

Build Orders: Bio Tank 

Get SALT Encoding   

  6  0:01  SCV  
  13  0:18  SCV  
  14  0:26  Supply Depot  
  14  0:35  SCV  
  15  0:40  Refinery  
  15  0:56  SCV  
  16  1:05  Barracks  
  16  1:13  SCV  
  17  1:30  SCV  
  18  1:47  SCV  
  19  2:11  Marine  
  19  2:13  Supply Depot  
  19  2:16  Orbital Command, Factory  
  20  2:32  Barracks  
  20  2:36  Marine  
  21  2:52  SCV  
  22  3:02  Barracks Tech Lab  
  22  3:09  SCV  
  23  3:16  Supply Depot  
  23  3:19  Hellion  
  25  3:29  Concussive Shells  
  25  3:32  Marauder  
  25  3:38  Barracks Tech Lab  
  27  3:49  SCV, Hellion  
  30  4:02  Marauder  
  30  4:04  Marauder  
  30  4:07  Supply Depot  
  34  4:19  Hellion  
  36  4:32  Marauder  
  36  4:37  Marauder  
  36  4:38  SCV  
  40  4:48  Supply Depot  
  40  4:49  Hellion  
  42  5:02  Marauder  
  42  5:07  Marauder  
  42  5:08  SCV  
  46  5:21  Refinery  
  46  5:25  SCV  
  47  5:32  Marine  
  47  5:37  Marine  
  49  5:41  Supply Depot  
  49  5:52  SCV  
  49  5:57  Marine  
  51  6:02  Marine  
  51  6:09  SCV  
  53  6:22  Marine  
  53  6:23  Stimpack  
  53  6:25  Engineering Bay  
  53  6:26  SCV  
  53  6:27  Marine  
  56  6:47  Marauder  
  58  7:03  Terran Infantry Weapons Level 1  
  58  7:06  Unknown, Command Center  
  58  7:08  Marine  
  59  7:11  Supply Depot  
  59  7:17  Marine  
  60  7:24  Hellion  
  62  7:33  Marine  
  63  7:42  Marine  
  64  7:54  Supply Depot, Hellion  
  66  8:04  Combat Shields  
  66  8:24  Hellion  
  66  8:28  Supply Depot  
  68  8:36  Engineering Bay  
  68  8:46  Unknown, SCV  
  70  8:54  Hellion  
  71  9:03  SCV  
  71  9:09  Unknown, Command Center  
  72  9:11  Terran Infantry Armor Level 1  
  72  9:20  SCV  
  72  9:24  Hellion  
  75  9:31  Armory  
  75  9:37  SCV  
  76  9:54  SCV  
  77  10:06  Supply Depot  
  77  10:11  SCV  
  77  10:18  Armory  
  78  10:28  SCV  
  79  10:37  Terran Vehicle Weapons Level 1  
  79  10:38  Barracks  
  79  10:44  Marine  
  79  10:45  SCV  
  79  10:49  Unknown  
  81  10:50  SCV  
  82  11:02  SCV  
  82  11:07  SCV  
  84  11:23  Terran Vehicle And Ship Armor Level 1  
  84  11:30  Factory Tech Lab, Marauder, Marine  
  87  11:43  Terran Infantry Weapons Level 2  
  87  11:45  Barracks Reactor  
  87  11:55  Siege Tank, Marauder  
  92  12:14  Starport  
  92  12:31  Refinery  
  92  12:35  Refinery  
  92  12:48  Orbital Command  
  91  12:52  Missile Turret  
  91  12:55  Missile Turret, SCV  
  90  13:08  Starport Tech Lab  
  90  13:12  SCV  
  91  13:29  SCV, Siege Tank  
  95  13:34  SCV  
  95  13:36  Raven  
  95  13:39  Siege Tank  
  98  13:43  Supply Depot  
  98  13:46  SCV  
  99  13:51  SCV  
  99  13:54  Unknown, Command Center  
  99  14:03  SCV  
  99  14:08  SCV  
  101  14:14  Hellion  
  101  14:18  Supply Depot  
  103  14:29  Siege Tank  
  103  14:36  Infernal Pre-Igniter  
  103  14:42  Siege Tank x2  
  103  14:44  Hellion  
  105  15:06  Marine  
  105  15:08  Marine  
  110  15:11  Siege Tank x2  
  110  15:14  Siege Tank  
  110  15:16  Supply Depot  
  110  15:18  Marauder  
  115  15:28  Siege Tank  
  115  15:31  Marauder  
  115  15:34  Unknown  
  115  15:36  SCV x2  
  115  15:37  SCV  
  120  15:53  SCV  
  120  15:54  SCV  
  120  15:55  SCV  
  123  16:03  Unknown, Medivac  
  125  16:10  SCV  
  125  16:12  SCV  
  125  16:13  Siege Tank  
  125  16:14  Orbital Command  
  127  16:22  Siege Tank  
  127  16:26  Siege Tank  
  127  16:27  SCV  
  127  16:33  SCV  
  127  16:37  Marine  
  128  16:40  Marine  
  128  16:43  SCV  
  128  16:44  Siege Tank  
  128  16:45  Medivac  
  128  16:46  Missile Turret  
  132  16:50  SCV  
  132  16:53  SCV  
  132  16:54  Supply Depot  
  132  16:55  Siege Tank  
  132  16:57  Marine  
  129  17:00  SCV, Marine  
  129  17:07  SCV, Marine  
  129  17:09  Marine  
  127  17:10  SCV  
  127  17:17  SCV  
  126  17:22  Marine  
  129  17:32  Missile Turret  
  129  17:39  Barracks  
  129  17:43  Supply Depot  
Tags
 
Composition
Bio Tank
Matchup
ЗvТ
Spawn Locations
Cross Positions
Add a new tag
Caveats
  • Supply blocks, unpowered buildings, or Contaminate may cause inaccurate times.
  • Supply counts are checked every 10 seconds.